 Dungeon Crawl Stone Soup version 0.31-a0-1616-gbeaec30b81 (webtiles) character file.

Game seed: 2366629791002333518

19 bmb222 the Trooper (level 2, -2/26 HPs)
             Began as a Ghoul Monk on Jan 10, 2024.
             Slain by a ribbon worm (5 damage)
             ... on level 2 of the Dungeon.
             The game lasted 00:00:23 (837 turns).

bmb222 the Trooper (Ghoul Monk)                      Turns: 837, Time: 00:00:24

Health: -2/26      AC:  2    Str: 14    XL:     2   Next: 75%
Magic:  2/2        EV: 12    Int:  9    God:
Gold:   78         SH:  0    Dex: 11    Spells: 1/1 levels left

rFire   . . .        a - +0 falchion
rCold   + . .        d - orb {light}
rNeg    + + +        b - +0 robe
rPois   ∞            (no helmet)
rElec   .            (no cloak)
rCorr   .            (no gloves)
SInv    .            (no boots)
Will    .....        (no amulet)
Stlth   +            (no ring)
HPRegen 0.00/turn    (no ring)
MPRegen 0.08/turn

%: no passive effects
@: inhibited regen, glowing
A: claws 1, cold resistance 1, negative energy resistance 3, inhibited
regeneration, torment resistance 2, devour on kill
a: no special abilities


You were on level 2 of the Dungeon.
You visited 1 branch of the dungeon, and saw 2 of its levels.

You collected 78 gold pieces.

Inventory:

Hand Weapons
 a - a +0 falchion (weapon)
Armour
 b - a +0 robe (worn)
 d - an orb of light (worn)
Jewellery
 j - a +6 ring of intelligence
Scrolls
 f - a scroll of torment {unknown}
Potions
 c - a potion of ambrosia
 e - a potion of degeneration {unknown}
 g - 2 potions of curing {unknown}
 h - a potion of enlightenment {unknown}
 i - 4 potions of haste {unknown}
 k - a potion of attraction {unknown}


   Skills:
 + Level 3.5 Fighting
 + Level 2.9 Long Blades
 * Level 0.7 Armour
 + Level 2.9 Dodging


You had one spell level left.
You didn't know any spells.
Your spell library was empty.

Dungeon Overview and Level Annotations

Branches:
Dungeon (2/15)

Altars:


Innate Abilities, Weirdness & Mutations

You are immune to poison.
You have sharp fingernails.
Your flesh is cold resistant. (rC+)
You are immune to negative energy. (rN+++)
You do not regenerate when monsters are visible.
You are immune to unholy pain and torment.
You thrive by killing the living.


Message History

There are monsters nearby!
You are caught in a web!
There are monsters nearby!
You are caught in a web!
You struggle to detach yourself from the web.
The ribbon worm barely misses you. The rat bites you.
The web tears apart.
The ribbon worm bites you but does no damage.
The rat barely misses you.
You hit the ribbon worm.
The ribbon worm is heavily wounded.
The rat closely misses you.
You hit the ribbon worm.
The ribbon worm is severely wounded.
The ribbon worm expels a string of sticky webbing.
The stream of webbing hits you but does no damage.
You are caught in a web!
The rat bites you.
You struggle to detach yourself from the web.
The ribbon worm barely misses you. The rat bites you.
The web tears apart.
The ribbon worm barely misses you. The rat closely misses you.
You are too injured to fight recklessly!
You hit the ribbon worm but do no damage.
The ribbon worm is heavily wounded.
The ribbon worm barely misses you. The rat barely misses you.
You are too injured to fight recklessly!
You hit the ribbon worm but do no damage.
The ribbon worm is heavily wounded.
The rat closely misses you. The ribbon worm bites you!
* * * LOW HITPOINT WARNING * * *
You are too injured to fight recklessly!
You slash the ribbon worm!
The ribbon worm is almost dead.
The rat bites you.
* * * LOW HITPOINT WARNING * * *
The ribbon worm expels a string of sticky webbing.
The stream of webbing hits you but does no damage.
You are caught in a web!
The web tears apart.
The rat closely misses you. The ribbon worm bites you.
You die...

#..........
#......>...#
#..........#
#........$.#
####.(........#
............##
#..wr......#
#.†@.......#
#...<<.....#
#..........#
#..........#
##........##
##......##
########


You could see a ribbon worm (catching breath) and a rat.

Vanquished Creatures
  6 bats
  An endoplasm (D:1)
  2 giant cockroaches (D:1)
  A goblin (D:1)
  2 hobgoblins (D:1)
  2 quokkas
  2 frilled lizards (D:1)
  A rat (D:1)
17 creatures vanquished.

Notes
Turn   | Place    | Note
-------+----------+-------------------------------------------
     0 | D:1      | bmb222 the Ghoul Monk began the quest for the Orb.
     0 | D:1      | Reached XP level 1. HP: 19/19 MP: 1/1
   282 | D:1      | Reached XP level 2. HP: 26/26 MP: 2/2
   837 | D:2      | Slain by a ribbon worm

Illustrated notes

Levels and vault maps discovered:
D:1:      saegor_arrival_fortress, layout_basic, grunt_decor_mini_mirrors
D:2:      layout_rooms, grunt_ministairs_8

Action                     || total
---------------------------++-------
  Melee: Falchion          ||    43
 Armour: Robe              ||    37
  Dodge: Dodged            ||    32

Table legend: (Time is in decaauts)
 A = Elapsed time spent in this place.
 B = Non-inter-level travel time spent in this place.
 C = Inter-level travel time spent in this place.
 D = Time resting spent in this place.
 E = Time spent auto-exploring this place.
 F = Levels seen in this place.
 G = Mean time per level.
                   A        B        C        D        E       F      G
               +--------+--------+--------+--------+--------+-----+--------+
         Total |    843 |    802 |     41 |      0 |    693 |   2 |  421.5 |
       Dungeon |    843 |    802 |     41 |      0 |    693 |   2 |  421.5 |
               +--------+--------+--------+--------+--------+-----+--------+

Top non-repeatable levels by time:
     D:1: 824 daAuts
     D:2: 18 daAuts
